 Dungeon Crawl Stone Soup version 0.14-a0-1168-gf5005bf (webtiles) character file.

644 Mitsuki the Stinger (level 7, 0/55 HPs)
             Began as a Naga Venom Mage on Nov 29, 2013.
             Was a Follower of Yredelemnul.
             Slain by an orc
             ... wielding a +1,+1 trident
              (4 damage)
             ... on Level 5 of the Dungeon.
             The game lasted 01:22:33 (5856 turns).

Mitsuki the Stinger (Naga Venom Mage)               Turns: 5856, Time: 01:22:33

HP   0/55        AC  8     Str 13      XL: 7   Next:  3%
MP  20/25        EV 10     Int 17      God: Yredelemnul [*.....]
Gold 200         SH  0     Dex 11      Spells:  4 memorised,  4 levels left

rFire  . . .     SeeInvis +     p - +0,-2 orc flail
rCold  . . .     Clarity  +     B - +1 leather armour of Magic {rPois Str+2 SInv Curse}
rNeg   . . .     Conserve .     (no shield)
rPois  +         rCorr    .     w - +0 helmet
rElec  .         rRot     .     g - +2 cloak
SustAb . .       Spirit   .     (no gloves)
rMut   .         Warding  .     (no barding)
Saprov . . .     RndTele  +     n - amulet of clarity
                                v - cursed ring of teleportation
                                h - ring of magical power

@: very slow, somewhat resistant to hostile enchantments, stealthy
A: spit poison, see invisible, deformed body, poison resistance, slowness 2, AC
+2
a: Spit Poison, Animate Remains, Renounce Religion, Evoke Teleportation


You were on level 5 of the Dungeon.
You worshipped Yredelemnul.
Yredelemnul was aware of your devotion.
You were starving.

You visited 1 branch of the dungeon, and saw 5 of its levels.

You collected 200 gold pieces.

Inventory:

Hand weapons
 p - a +0,-2 orcish flail (weapon)
Armour
 a - a +1 robe
 g - a +2 cloak (worn)
 j - a +0 robe
 w - a +0 helmet (worn)
 B - the +1 leather armour of Magic (worn) {rPois Str+2 SInv Curse}
   (You found it on level 5 of the Dungeon)

   It affects your strength (+2).
   It protects you from poison.
   It enhances your eyesight.
   It may recurse itself.
Magical devices
 c - a wand of fireball (3)
 y - a wand of paralysis (19)
Scrolls
 d - 6 scrolls of identify
 e - 2 scrolls of enchant weapon I
 i - 2 scrolls of remove curse {unknown}
 k - a scroll of noise
 r - 3 scrolls of recharging {unknown}
 u - a scroll of enchant armour
 x - a scroll of fog
 A - a scroll of teleportation
Jewellery
 h - a ring of magical power (left hand)
 n - an amulet of clarity (around neck)
 v - a cursed ring of teleportation (right hand)
Potions
 f - a potion of curing {unknown}
 l - 2 potions of heal wounds {unknown}
 m - 2 potions of restore abilities {unknown}
 o - 3 potions of poison {unknown}
 q - 2 potions of magic {unknown}
 s - 2 potions of brilliance {unknown}
 t - a potion of degeneration {unknown}
 z - a potion of lignification {unknown}
 C - 2 potions of porridge
Books
 b - a Young Poisoner's Handbook

   Spells                             Type                      Level
   *Sting                             Conjuration/Poison           1
   *Cure Poison                       Poison                       2
   *Mephitic Cloud                    Conjuration/Poison/Air       3
   *Olgreb's Toxic Radiance           Poison                       4
   Venom Bolt                         Conjuration/Poison           5


   Skills:
 + Level 2.9 Dodging
 + Level 3.7 Stealth
 * Level 4.3 Spellcasting
 + Level 0.6 Conjurations
 + Level 0.2 Air Magic
 + Level 7.0 Poison Magic
 + Level 1.0 Invocations


You had 4 spell levels left.
You knew the following spells:

 Your Spells              Type           Power        Failure   Level  Hunger
a - Sting                 Conj/Pois      ###.         3%          1    None
b - Cure Poison           Pois           ####......   1%          2    ##.....
c - Mephitic Cloud        Conj/Pois/Air  ##......     17%         3    ###....
d - Olgreb's Toxic Radia  Pois           ####....     10%         4    ####...


Dungeon Overview and Level Annotations

Branches:
Dungeon (5/16)
 Temple: D:4-7

Altars:
Elyvilon
Kikubaaqudgha
Trog
Yredelemnul
Zin
the Shining One


Innate Abilities, Weirdness & Mutations

You cannot wear boots.
You can spit poison.
Your serpentine skin is tough (AC +2).
You have supernaturally acute eyesight.
Armour fits poorly on your strangely shaped body.
Your system is resistant to poisons.
You cover ground very slowly.


Message History

Confirm with . or Enter, or press ? or * to list all spells.
You don't have the energy to cast that spell.
You hit the orc.
The orc is almost dead.
The orc barely misses you.
The orc hits you with a glowing orcish short sword.
* * * LOW HITPOINT WARNING * * *
The orc hits you from afar with a trident.
* * * LOW HITPOINT WARNING * * *
You barely miss the orc.
The orc is almost dead.
The orc hits you with a glowing orcish short sword.
* * * LOW HITPOINT WARNING * * *
The orc closely misses you. The orc hits you but does no damage.
You hit the orc but do no damage.
The orc is almost dead.
The orc hits you but does no damage.
The orc hits you from afar with a trident.
You die...
Your body rises from the dead as a mindless zombie.

#...##.# #...................
#...##§# #..#...#...#...#...#
#...##.# #_........§.........
#...##.# #..#...#..z#...#...#
#......# #.........5.........
#...##.# ####################
#...##.##### ...#.. #..
#...##.....####.#.#.#######.#
#..........o@...#...........#
#...##....o########.........#
#####............................
.................................
....[....#..............(........
.........#.######################
.........#)# ....####.#. ....# .#


You could see 2 orcs.

Vanquished Creatures
  A hound (D:4)
  An orc priest (D:4)
  An orc wizard (D:5)
  A worker ant (D:5)
  4 gnolls (D:4)
  2 green rats (D:3)
  10 adders
  A giant mite (D:2)
  3 worms
  A grey rat (D:3)
  2 giant geckos
  4 orcs
  2 ball pythons
  3 giant cockroaches
  10 goblins
  11 hobgoblins
  6 jackals
  7 kobolds
  A quokka (D:4)
  10 bats
  6 giant newts
  An orc zombie (D:3)
  10 rats
98 creatures vanquished.

Vanquished Creatures (collateral kills)
  The ghost of bronies4ever the Stinger, an average FoVM (D:4)
  A giant gecko (D:4)
  2 hobgoblins (D:3)
  A kobold (D:3)
  A giant newt skeleton (D:3)
6 creatures vanquished.

Vanquished Creatures (others)
  A worker ant zombie (D:5)
  2 adder zombies (D:3)
  A hobgoblin zombie (D:3)
4 creatures vanquished.

Grand Total: 108 creatures vanquished

Notes
Turn   | Place    | Note
--------------------------------------------------------------
     0 | D:1      | Mitsuki, the Naga Venom Mage, began the quest for the Orb.
     0 | D:1      | Reached XP level 1. HP: 15/15 MP: 3/3
   300 | D:1      | Reached XP level 2. HP: 22/22 MP: 2/4
   356 | D:1      | Learned a level 2 spell: Cure Poison
   887 | D:1      | Reached XP level 3. HP: 21/28 MP: 6/6
   907 | D:1      | Reached skill level 6 in Poison Magic
  1406 | D:2      | Learned a level 3 spell: Mephitic Cloud
  1449 | D:2      | Reached XP level 4. HP: 36/36 MP: 2/8
  2410 | D:3      | Found a basalt altar of Yredelemnul.
  2411 | D:3      | Noticed a profane servitor
  2578 | D:3      | Found a glowing silver altar of Zin.
  2610 | D:3      | Became a worshipper of Yredelemnul the Dark
  2624 | D:3      | Found a glowing golden altar of the Shining One.
  2625 | D:3      | Noticed an angel
  2690 | D:3      | Reached XP level 5. HP: 42/42 MP: 7/10
  2968 | D:4      | Learned a level 4 spell: Olgreb's Toxic Radiance
  3170 | D:4      | Noticed a phantom
  3372 | D:3      | Found a glowing drain.
  3876 | D:4      | Found a white marble altar of Elyvilon.
  3876 | D:4      | Found a bloodstained altar of Trog.
  3911 | D:4      | Noticed bronies4ever's ghost (average FoVM)
  3928 | D:4      | Acquired Yredelemnul's first power
  3952 | D:4      | Reached XP level 6. HP: 49/49 MP: 1/13
  4232 | D:4      | HP: 2/49 [bronies4ever's ghost (14)]
  4239 | D:3      | HP: 2/49 [poisoned by bronies4ever's ghost (sting)]
  5140 | D:4      | Killed bronies4ever's ghost
  5140 | D:4      | Reached skill level 7 in Poison Magic
  5571 | D:5      | Entered Level 5 of the Dungeon
  5706 | D:5      | Got a transparent leather armour
  5714 | D:5      | Identified the +1 leather armour of Magic {rPois Str+2 SInv Curse} (You found it on level 5 of the Dungeon)
  5777 | D:5      | Found an ancient bone altar of Kikubaaqudgha.
  5853 | D:5      | Reached skill level 1 in Invocations
  5853 | D:5      | Reached XP level 7. HP: 10/55 MP: 16/16
  5856 | D:5      | Slain by an orc

Action                   |  1- 3 |  4- 6 |  7- 9 || total
-------------------------+-------+-------+-------++-------
Melee: Unarmed           |     5 |       |       ||     5
       Flail             |       |    50 |     3 ||    53
 Cast: Sting             |    69 |   149 |       ||   218
       Mephitic Cloud    |     2 |    19 |       ||    21
       Cure Poison       |       |     6 |       ||     6
       Olgreb's Toxic Ra |       |     1 |       ||     1
Invok: Animate Remains   |       |     7 |       ||     7
 Abil: Evoke Teleportati |       |     1 |       ||     1
Evoke: Wand              |       |     2 |       ||     2
  Use: Scroll            |     7 |    10 |       ||    17
